San Jose Sharks vs Boston Bruins
Created - Tuesday, February 11, 2025 at 07:53
Goals
|
| San Jose Sharks |
0 |
2 |
0 |
2 |
| Boston Bruins |
1 |
0 |
2 |
3 |
|
Shots
|
| San Jose Sharks |
7 |
14 |
18 |
39 |
| Boston Bruins |
4 |
11 |
14 |
29 |
|
1st period
1. Boston Bruins , Alex Newhook 3 (Connor Clifton 1, Joel Farabee 3) at 13:59
Penalties :
Torey Krug (BOS) for Slashing (Double Minor) at 2:59, Marcus Pettersson (SJS) for Roughing (Minor) at 18:45
2nd period
2. San Jose Sharks , Adam Henrique 5 (Connor Murphy 2, Yegor Sharangovich 5) at 16:39 (PP)
3. San Jose Sharks , Jonathan Drouin 2 (Eeli Tolvanen 2) at 18:41 (PP)
Penalties :
Connor Clifton (BOS) for Fighting (Major) at 8:07, Sean Durzi (SJS) for Fighting (Major) at 8:07, Alex Vlasic (BOS) for Fighting (Major) at 15:51, Ryan Johansen (SJS) for Fighting (Major) at 15:51, Alex Vlasic (BOS) for instigated a fight (Minor) at 15:51, Alex Vlasic (BOS) for instigated a fight (10 Minutes Misconduct) at 15:51, Morgan Geekie (BOS) for Slashing (Minor) at 18:35
3rd period
4. Boston Bruins , Michael Rasmussen 2 (Cam York 3) at 2:33
5. Boston Bruins , Evander Kane 3 (Joel Farabee 4) at 3:28 (PP)
Penalties :
Nick Perbix (SJS) for Interference (Minor) at 0:22, Kevin Fiala (SJS) for Roughing (Minor) at 2:54, Marcus Pettersson (SJS) for Roughing (Minor) at 5:40, Connor Clifton (BOS) for Interference (Minor) at 14:40, Jonathan Marchessault (BOS) for Holding (Minor) at 19:47
Goalie Stats
Logan Thompson (SJS), 26 saves from 29 shots - (0.897), L, 2-1-3, 59:20 minutes
Pyotr Kochetkov (BOS), 37 saves from 39 shots - (0.949), W, 3-0-1, 60:00 minutes
Players Stats for San Jose Sharks
Player Name G A P +/- PIM S H SB GA TA FO MP PP MP PK MP
------------------------------------------------------------------------------------
Adam Henrique 1 0 1 -1 0 4 1 1 0 0 17/29 19:48 2:59 3:13
Anthony Mantha 0 0 0 -1 0 3 1 0 1 0 0/0 12:33 0:00 0:00
Christopher Tanev 0 0 0 -1 0 2 1 2 0 0 0/0 27:17 3:20 3:15
Connor Murphy 0 1 1 -1 0 2 1 1 0 2 0/0 20:25 3:22 3:10
Dmitry Orlov 0 0 0 0 0 2 3 0 0 0 0/0 13:18 0:56 0:29
Eeli Tolvanen 0 1 1 0 0 1 1 0 2 0 2/5 9:17 1:10 0:00
Jonathan Drouin 1 0 1 0 0 4 2 0 0 1 0/0 19:55 3:10 3:02
Kevin Fiala 0 0 0 -1 2 7 3 2 0 1 0/1 19:30 2:59 2:56
Marcus Pettersson 0 0 0 -1 4 1 4 3 0 1 0/0 25:18 3:10 1:04
Matthew Knies 0 0 0 0 0 1 2 0 3 0 1/3 16:43 3:10 0:03
Max Domi 0 0 0 0 0 0 0 0 1 0 0/0 7:21 0:48 0:00
Nick Perbix 0 0 0 -1 2 1 1 1 0 1 0/0 15:15 0:00 1:54
Noel Acciari 0 0 0 -1 0 1 1 1 0 0 8/14 12:33 0:00 0:00
Ryan Johansen 0 0 0 0 5 2 2 0 0 1 7/18 15:09 2:39 0:35
Ryan Poehling 0 0 0 0 0 0 0 0 0 0 0/1 6:44 0:23 0:00
Sean Durzi 0 0 0 -1 5 3 0 1 0 1 0/0 18:55 3:20 3:10
T.J. Oshie 0 0 0 -1 0 2 3 0 1 0 0/0 13:34 0:55 0:00
Yegor Sharangovich 0 1 1 0 0 3 3 2 0 1 1/1 19:53 2:59 3:18
Players Stats for Boston Bruins
Player Name G A P +/- PIM S H SB GA TA FO MP PP MP PK MP
------------------------------------------------------------------------------------
Alex Newhook 1 0 1 1 0 4 3 0 1 2 14/24 19:12 3:20 3:01
Alex Vlasic 0 0 0 1 17 1 1 0 0 1 0/0 15:28 0:48 2:51
Anders Lee 0 0 0 0 0 1 1 0 1 0 1/1 11:34 0:26 0:00
Andrew Copp 0 0 0 0 0 0 2 0 0 0 1/2 21:22 2:27 2:55
Cam York 0 1 1 1 0 2 0 2 2 0 0/0 24:03 3:40 3:29
Connor Clifton 0 1 1 1 7 0 4 2 0 1 0/0 18:32 2:23 0:42
Eetu Luostarinen 0 0 0 1 0 0 0 0 0 0 1/4 6:52 0:10 0:00
Evander Kane 1 0 1 1 0 1 3 0 0 0 1/2 16:10 3:20 0:00
Joel Farabee 0 2 2 1 0 1 0 2 1 0 0/1 16:10 3:20 0:00
John-Jason Peterka 0 0 0 0 0 0 1 0 0 0 0/2 12:48 0:44 1:01
Jonathan Marchessault 0 0 0 0 2 3 3 0 3 0 0/2 21:04 2:30 3:01
Michael Rasmussen 1 0 1 1 0 1 1 0 0 1 0/0 8:37 0:18 1:08
Morgan Geekie 0 0 0 1 2 2 1 0 0 0 0/0 6:41 0:00 0:00
Ryan Lindgren 0 0 0 0 0 0 2 1 0 1 0/0 22:51 2:51 3:09
Ryan Strome 0 0 0 0 0 5 0 0 0 0 5/9 11:19 0:26 0:00
Torey Krug 0 0 0 0 4 1 1 4 0 1 0/0 23:21 3:20 1:20
Vincent Trocheck 0 0 0 0 0 3 0 0 1 0 13/25 21:08 2:32 3:02
Yegor Zamula 0 0 0 1 0 4 0 3 0 1 0/0 15:38 0:00 2:37
3 Stars
1 - Pyotr Kochetkov (BOS)
2 - Evander Kane (BOS)
3 - Alex Newhook (BOS)
Power Play
San Jose Sharks - 2 on 6 Attempt(s) - 33.33%
Boston Bruins - 1 on 4 Attempt(s) - 25.00%
Penalty Kill
San Jose Sharks - 3 on 4 Attempt(s) - 75.00%
- Score 0 goal in Penalty Kill
Boston Bruins - 4 on 6 Attempt(s) - 66.67%
- Score 0 goal in Penalty Kill
Team Stat
San Jose Sharks - Hits : 29 - Faceoff Wins : 36 - Blocked Shots : 14 - Penalty Minutes : 18
Boston Bruins - Hits : 23 - Faceoff Wins : 36 - Blocked Shots : 14 - Penalty Minutes : 32
Official
Referees : Michael Markovic and Graham Skilliter
Linesman : Tommy Hughes and Shandor Alphonso
Game Notes
Connor Clifton beats up Sean Durzi at 8:07 of 2nd period
Alex Vlasic beats up Ryan Johansen at 15:51 of 2nd period
Finance
Level 1 -- Attendance: 5132 (85.53%) -- Ticket Income $513,200
Level 2 -- Attendance: 3526 (70.52%) -- Ticket Income $211,560
Level 3 -- Attendance: 2182 (72.73%) -- Ticket Income $76,370
Level 4 -- Attendance: 3964 (79.28%) -- Ticket Income $99,100
Luxury Box -- Attendance: 802 (80.20%) -- Ticket Income $160,400
Game was played at the TD Garden.
Total Attendance: 15606 (78.03%)
Total Ticket Income: $1,060,630
Other Income: $371,220
Total Income: $1,431,850
San Jose Sharks
5 vs 5 Forward
Center Left Wing Right Wing Time % Phy DF OF
1 Adam Henrique Kevin Fiala Yegor Sharangovich 30 1 2 2
2 Ryan Johansen Matthew Knies Jonathan Drouin 30 1 2 2
3 Noel Acciari Anthony Mantha T.J. Oshie 25 1 2 2
4 Ryan Poehling Max Domi Eeli Tolvanen 15 1 2 2
5 vs 5 Defense
Defense Defense Time % Phy DF OF
1 Christopher Tanev Marcus Pettersson 30 1 2 2
2 Connor Murphy Sean Durzi 30 1 2 2
3 Dmitry Orlov Nick Perbix 25 1 2 2
4 Christopher Tanev Marcus Pettersson 15 1 2 2
PowerPlay Forward
Center Left Wing Right Wing Time % Phy DF OF
1 Adam Henrique Kevin Fiala Yegor Sharangovich 50 1 2 2
2 Ryan Johansen Jonathan Drouin Matthew Knies 50 1 2 2
PowerPlay Defense
Defense Defense Time % Phy DF OF
1 Christopher Tanev Marcus Pettersson 50 1 2 2
2 Connor Murphy Sean Durzi 50 1 2 2
Penalty Kill 4 Players Forward
Center Wing Time % Phy DF OF
1 Adam Henrique Kevin Fiala 50 1 2 2
2 Yegor Sharangovich Jonathan Drouin 50 1 2 2
Penalty Kill 4 Players Defense
Defense Defense Time % Phy DF OF
1 Christopher Tanev Marcus Pettersson 50 1 2 2
2 Connor Murphy Sean Durzi 50 1 2 2
Penalty Kill - 3 Players Forward
Forward Time % Phy DF OF
1 Adam Henrique 50 1 2 2
2 Kevin Fiala 50 1 2 2
Penalty Kill - 3 Players Defense
Defense Defense Time % Phy DF OF
1 Christopher Tanev Marcus Pettersson 50 1 2 2
2 Connor Murphy Sean Durzi 50 1 2 2
4 vs 4 Forward
Center Wing Time % Phy DF OF
1 Adam Henrique Kevin Fiala 50 1 2 2
2 Yegor Sharangovich Jonathan Drouin 50 1 2 2
4 vs 4 Defense
Defense Defense Time % Phy DF OF
1 Christopher Tanev Marcus Pettersson 50 1 2 2
2 Connor Murphy Sean Durzi 50 1 2 2
Last Minutes Offensive
Center Left Wing Right Wing Defense Defense
Adam Henrique Kevin Fiala Yegor Sharangovich Christopher Tanev Marcus Pettersson
Last Minutes Defensive
Center Left Wing Right Wing Defense Defense
Adam Henrique Kevin Fiala Yegor Sharangovich Christopher Tanev Marcus Pettersson
Goaltenders
Starting : Logan Thompson
Backup : Tristan Jarry
Extra Forwards
Normal : Matthew Knies, Eeli Tolvanen, Ryan Johansen - PP : Matthew Knies, Eeli Tolvanen - PK : Ryan Johansen
Extra Defensemen
Normal : Dmitry Orlov, Nick Perbix, Connor Murphy - PP : Dmitry Orlov - PK : Nick Perbix, Connor Murphy
Penalty Shots
Adam Henrique, Kevin Fiala, Yegor Sharangovich, Jonathan Drouin, Anthony Mantha
Scratches
Ilya Mikheyev (Healthy), Kasperi Kapanen (Healthy), Mike Hoffman (Healthy), Calle Jarnkrok (Healthy), Clay Stevenson (Healthy)
Boston Bruins
5 vs 5 Forward
Center Left Wing Right Wing Time % Phy DF OF
1 Vincent Trocheck Jonathan Marchessault Andrew Copp 30 1 2 2
2 Alex Newhook Evander Kane Joel Farabee 30 1 2 2
3 Ryan Strome Anders Lee John-Jason Peterka 25 1 2 2
4 Eetu Luostarinen Michael Rasmussen Morgan Geekie 15 1 2 2
5 vs 5 Defense
Defense Defense Time % Phy DF OF
1 Torey Krug Ryan Lindgren 35 1 2 2
2 Cam York Alex Vlasic 35 1 2 2
3 Connor Clifton Yegor Zamula 30 1 2 2
4 Torey Krug Ryan Lindgren 0 1 2 2
PowerPlay Forward
Center Left Wing Right Wing Time % Phy DF OF
1 Vincent Trocheck Jonathan Marchessault Andrew Copp 50 1 2 2
2 Alex Newhook Evander Kane Joel Farabee 50 1 2 2
PowerPlay Defense
Defense Defense Time % Phy DF OF
1 Torey Krug Ryan Lindgren 50 1 2 2
2 Cam York Alex Vlasic 50 1 2 2
Penalty Kill 4 Players Forward
Center Wing Time % Phy DF OF
1 Vincent Trocheck Jonathan Marchessault 50 1 2 2
2 Alex Newhook Andrew Copp 50 1 2 2
Penalty Kill 4 Players Defense
Defense Defense Time % Phy DF OF
1 Torey Krug Ryan Lindgren 50 1 2 2
2 Cam York Alex Vlasic 50 1 2 2
Penalty Kill - 3 Players Forward
Forward Time % Phy DF OF
1 Vincent Trocheck 50 1 2 2
2 Jonathan Marchessault 50 1 2 2
Penalty Kill - 3 Players Defense
Defense Defense Time % Phy DF OF
1 Torey Krug Ryan Lindgren 50 1 2 2
2 Cam York Alex Vlasic 50 1 2 2
4 vs 4 Forward
Center Wing Time % Phy DF OF
1 Vincent Trocheck Jonathan Marchessault 50 1 2 2
2 Alex Newhook Andrew Copp 50 1 2 2
4 vs 4 Defense
Defense Defense Time % Phy DF OF
1 Torey Krug Ryan Lindgren 50 1 2 2
2 Cam York Alex Vlasic 50 1 2 2
Last Minutes Offensive
Center Left Wing Right Wing Defense Defense
Vincent Trocheck Jonathan Marchessault Andrew Copp Torey Krug Ryan Lindgren
Last Minutes Defensive
Center Left Wing Right Wing Defense Defense
Vincent Trocheck Jonathan Marchessault Andrew Copp Torey Krug Ryan Lindgren
Goaltenders
Starting : Pyotr Kochetkov
Backup : Jacob Markstrom
Extra Forwards
Normal : Anders Lee, Ryan Strome, John-Jason Peterka - PP : Anders Lee, Ryan Strome - PK : John-Jason Peterka
Extra Defensemen
Normal : Connor Clifton, Yegor Zamula, Cam York - PP : Connor Clifton - PK : Yegor Zamula, Cam York
Penalty Shots
Vincent Trocheck, Jonathan Marchessault, Alex Newhook, Andrew Copp, Evander Kane
Scratches
Anthony Beauvillier (Healthy), Drew O'Connor (Healthy), Beck Malenstyn (Healthy), John Ludvig (Healthy), Angus Crookshank (Healthy)
% Time on Ice - San Jose Sharks
Lines # - Real PCT - Wanted PCT - Time Play
Normal Forward
1 - 29% - 30% - 13:36
2 - 30% - 30% - 13:55
3 - 27% - 25% - 12:33
4 - 14% - 15% - 6:21
Normal Defense
1 - 30% - 30% - 14:00
2 - 31% - 30% - 14:20
3 - 24% - 25% - 11:12
4 - 15% - 15% - 6:53
PP Forward
1 - 52% - 50% - 3:39
2 - 48% - 50% - 3:25
PP Defense
1 - 49% - 50% - 3:28
2 - 51% - 50% - 3:36
PK Forward
1 - 49% - 50% - 3:13
2 - 51% - 50% - 3:18
PK Defense
1 - 51% - 50% - 3:21
2 - 49% - 50% - 3:10
PK3 Forward
1 - 0% - 50%
2 - 0% - 50%
PK3 Defense
1 - 0% - 50%
2 - 0% - 50%
44 Forward
1 - 0% - 50%
2 - 0% - 50%
44 Defense
1 - 0% - 50%
2 - 0% - 50%
Last Minute Offensive - 0:00
Last Minute Defensive - 0:00
Total
Forward - 60:00
Defense - 60:00
|
% Time on Ice - Boston Bruins
Lines # - Real PCT - Wanted PCT - Time Play
Normal Forward
1 - 32% - 30% - 14:46
2 - 29% - 30% - 13:16
3 - 24% - 25% - 10:53
4 - 15% - 15% - 6:42
Normal Defense
1 - 36% - 35% - 16:19
2 - 36% - 35% - 16:20
3 - 28% - 30% - 12:58
4 - 0% - 0% - 0:00
PP Forward
1 - 43% - 50% - 2:48
2 - 57% - 50% - 3:43
PP Defense
1 - 44% - 50% - 2:51
2 - 56% - 50% - 3:40
PK Forward
1 - 48% - 50% - 3:24
2 - 52% - 50% - 3:40
PK Defense
1 - 54% - 50% - 3:51
2 - 46% - 50% - 3:13
PK3 Forward
1 - 0% - 50%
2 - 0% - 50%
PK3 Defense
1 - 0% - 50%
2 - 0% - 50%
44 Forward
1 - 0% - 50%
2 - 0% - 50%
44 Defense
1 - 0% - 50%
2 - 0% - 50%
Last Minute Offensive - 0:00
Last Minute Defensive - 0:48
Total
Forward - 60:00
Defense - 60:00
|
Play-by-Play
1st period
0:01 of 1st period - Vincent Trocheck wins face-off versus Kevin Fiala in neutral zone.
0:50 of 1st period - Cam York is hit by Connor Murphy and loses puck.
2:08 of 1st period - Marcus Pettersson is hit by Evander Kane and loses puck.
2:43 of 1st period - Wrist shot by Yegor Sharangovich.
2:43 of 1st period - Shot Misses the Net.
2:59 of 1st period - Double Minor Penalty to Torey Krug for Slashing.
3:00 of 1st period - Adam Henrique wins face-off versus Vincent Trocheck in Boston Bruins zone.
3:05 of 1st period - Wrist shot by Yegor Sharangovich.
3:05 of 1st period - Shot Misses the Net.
3:15 of 1st period - Snap shot by Kevin Fiala.
3:15 of 1st period - Shot Misses the Net.
3:58 of 1st period - Alex Newhook is hit by Marcus Pettersson and loses puck.
5:15 of 1st period - Snap shot by T.J. Oshie.
5:15 of 1st period - Shot Blocked by Yegor Zamula.
6:01 of 1st period - Alex Newhook is hit by T.J. Oshie and loses puck.
6:44 of 1st period - Yegor Zamula is hit by Dmitry Orlov and loses puck.
6:59 of 1st period - Penalty to Torey Krug is over, Torey Krug is back on ice.
7:07 of 1st period - Andrew Copp is hit by Marcus Pettersson and loses puck.
8:10 of 1st period - Ryan Strome is hit by Noel Acciari and loses puck.
8:21 of 1st period - Kevin Fiala is hit by Michael Rasmussen.
8:31 of 1st period - Sean Durzi is hit by Alex Newhook and loses puck.
8:52 of 1st period - Ryan Johansen is hit by Anders Lee and loses puck.
9:51 of 1st period - Ryan Johansen is hit by Evander Kane and loses puck.
10:42 of 1st period - Andrew Copp is hit by Kevin Fiala and loses puck.
11:01 of 1st period - Connor Clifton is hit by Anthony Mantha and loses puck.
11:14 of 1st period - Cam York is hit by Ryan Johansen and loses puck.
11:31 of 1st period - Michael Rasmussen is hit by Eeli Tolvanen.
12:09 of 1st period - Icing by Ryan Strome.
12:10 of 1st period - Adam Henrique wins face-off versus John-Jason Peterka in Boston Bruins zone.
12:19 of 1st period - Snap shot by Kevin Fiala.
12:19 of 1st period - Stopped by Pyotr Kochetkov with a rebound.
12:21 of 1st period - Snap shot by Kevin Fiala.
12:21 of 1st period - Stopped by Pyotr Kochetkov without a rebound.
12:22 of 1st period - Alex Newhook wins face-off versus Ryan Johansen in Boston Bruins zone.
12:24 of 1st period - Icing by Evander Kane.
12:25 of 1st period - Alex Newhook wins face-off versus Ryan Johansen in Boston Bruins zone.
12:30 of 1st period - Wrist shot by Jonathan Drouin.
12:30 of 1st period - Stopped by Pyotr Kochetkov with a rebound.
12:32 of 1st period - Wrist shot by Ryan Johansen.
12:32 of 1st period - Shot Blocked by Torey Krug.
12:34 of 1st period - Slapshot by Nick Perbix.
12:34 of 1st period - Deflect By Ryan Lindgren.
12:34 of 1st period - Stopped by Pyotr Kochetkov without a rebound.
12:35 of 1st period - Ryan Johansen wins face-off versus Andrew Copp in Boston Bruins zone.
13:06 of 1st period - Off-side.
13:07 of 1st period - Alex Newhook wins face-off versus Adam Henrique in neutral zone.
13:47 of 1st period - Snap shot by Alex Newhook.
13:47 of 1st period - Deflect By Joel Farabee.
13:47 of 1st period - Stopped by Logan Thompson with a rebound.
13:55 of 1st period - Snap shot by Alex Newhook.
13:55 of 1st period - Shot Misses the Net.
13:57 of 1st period - Snap shot by Alex Newhook.
13:57 of 1st period - Stopped by Logan Thompson with a rebound.
13:59 of 1st period - Wrist shot by Alex Newhook.
13:59 of 1st period - Goal by Alex Newhook - San Jose Sharks : 0 - Boston Bruins : 1.
14:00 of 1st period - Vincent Trocheck wins face-off versus Ryan Johansen in neutral zone.
14:08 of 1st period - Icing by Jonathan Marchessault.
14:09 of 1st period - Vincent Trocheck wins face-off versus Ryan Johansen in Boston Bruins zone.
14:50 of 1st period - Snap shot by Ryan Johansen.
14:50 of 1st period - Stopped by Pyotr Kochetkov with a rebound.
14:52 of 1st period - Wrist shot by Ryan Johansen.
14:52 of 1st period - Shot Misses the Net.
14:54 of 1st period - Slapshot by Christopher Tanev.
14:54 of 1st period - Deflect By Ryan Johansen.
14:54 of 1st period - Stopped by Pyotr Kochetkov without a rebound.
14:55 of 1st period - Ryan Strome wins face-off versus Adam Henrique in Boston Bruins zone.
15:08 of 1st period - Snap shot by John-Jason Peterka.
15:08 of 1st period - Shot Blocked by Adam Henrique.
15:10 of 1st period - Snap shot by John-Jason Peterka.
15:10 of 1st period - Shot Misses the Net.
16:32 of 1st period - Snap shot by Jonathan Marchessault.
16:32 of 1st period - Shot Misses the Net.
16:34 of 1st period - Wrist shot by Jonathan Marchessault.
16:34 of 1st period - Shot Blocked by Marcus Pettersson.
17:48 of 1st period - Noel Acciari is hit by Jonathan Marchessault and loses puck.
18:26 of 1st period - Icing by Connor Clifton.
18:27 of 1st period - Adam Henrique wins face-off versus Eetu Luostarinen in Boston Bruins zone.
18:38 of 1st period - Backhand shot by Adam Henrique.
18:38 of 1st period - Stopped by Pyotr Kochetkov without a rebound.
18:39 of 1st period - Vincent Trocheck wins face-off versus Ryan Johansen in Boston Bruins zone.
18:45 of 1st period - Minor Penalty to Marcus Pettersson for Roughing.
18:46 of 1st period - Adam Henrique wins face-off versus Vincent Trocheck in San Jose Sharks zone.
18:59 of 1st period - Wrist shot by Jonathan Marchessault.
18:59 of 1st period - Shot Blocked by Christopher Tanev.
19:01 of 1st period - Slapshot by Ryan Lindgren.
19:01 of 1st period - Shot Blocked by Christopher Tanev.
19:03 of 1st period - Snap shot by Jonathan Marchessault.
19:03 of 1st period - Stopped by Logan Thompson without a rebound.
19:04 of 1st period - Alex Newhook wins face-off versus Adam Henrique in San Jose Sharks zone.
19:07 of 1st period - Wrist shot by Joel Farabee.
19:07 of 1st period - Shot Blocked by Sean Durzi.
19:15 of 1st period - Wrist shot by Alex Newhook.
19:15 of 1st period - Shot Misses the Net.
19:45 of 1st period - Andrew Copp is hit by Nick Perbix and loses puck.
Goals for this period are 0 for San Jose Sharks vs 1 for Boston Bruins.
Shots for this period are 7 for San Jose Sharks vs 4 for Boston Bruins.
2nd period
0:01 of 2nd period - Alex Newhook wins face-off versus Adam Henrique in neutral zone.
0:04 of 2nd period - Slapshot by Torey Krug.
0:04 of 2nd period - Stopped by Logan Thompson without a rebound.
0:05 of 2nd period - Adam Henrique wins face-off versus Alex Newhook in San Jose Sharks zone.
0:18 of 2nd period - Slapshot by Alex Newhook.
0:18 of 2nd period - Stopped by Logan Thompson without a rebound.
0:19 of 2nd period - Vincent Trocheck wins face-off versus Adam Henrique in San Jose Sharks zone.
0:22 of 2nd period - Wrist shot by Vincent Trocheck.
0:22 of 2nd period - Shot Blocked by Kevin Fiala.
0:32 of 2nd period - Jonathan Marchessault is hit by Jonathan Drouin and loses puck.
0:45 of 2nd period - Penalty to Marcus Pettersson is over, Marcus Pettersson is back on ice.
0:51 of 2nd period - Snap shot by Jonathan Marchessault.
0:51 of 2nd period - Stopped by Logan Thompson without a rebound.
0:52 of 2nd period - Ryan Strome wins face-off versus Matthew Knies in San Jose Sharks zone.
0:55 of 2nd period - Wrist shot by John-Jason Peterka.
0:55 of 2nd period - Shot Misses the Net.
0:57 of 2nd period - Slapshot by Cam York.
0:57 of 2nd period - Shot Hit the Post.
1:25 of 2nd period - Alex Vlasic is hit by Kevin Fiala and loses puck.
1:40 of 2nd period - Snap shot by Eeli Tolvanen.
1:40 of 2nd period - Shot Misses the Net.
1:52 of 2nd period - Christopher Tanev is hit by Alex Vlasic and loses puck.
2:02 of 2nd period - Off-side.
2:03 of 2nd period - Noel Acciari wins face-off versus Eetu Luostarinen in neutral zone.
2:28 of 2nd period - Andrew Copp is hit by Matthew Knies.
2:58 of 2nd period - Icing by Marcus Pettersson.
2:59 of 2nd period - Adam Henrique wins face-off versus John-Jason Peterka in San Jose Sharks zone.
2:59 of 2nd period - Adam Henrique is hit by Connor Clifton.
3:21 of 2nd period - John-Jason Peterka is hit by Yegor Sharangovich and loses puck.
4:33 of 2nd period - Slapshot by Marcus Pettersson.
4:33 of 2nd period - Shot Misses the Net.
4:35 of 2nd period - Slapshot by Christopher Tanev.
4:35 of 2nd period - Shot Blocked by Yegor Zamula.
4:37 of 2nd period - Slapshot by Christopher Tanev.
4:37 of 2nd period - Shot Misses the Net.
5:01 of 2nd period - Snap shot by Adam Henrique.
5:01 of 2nd period - Stopped by Pyotr Kochetkov with a rebound.
5:03 of 2nd period - Slapshot by Christopher Tanev.
5:03 of 2nd period - Stopped by Pyotr Kochetkov without a rebound.
5:04 of 2nd period - Ryan Johansen wins face-off versus Alex Newhook in Boston Bruins zone.
5:09 of 2nd period - Snap shot by Jonathan Drouin.
5:09 of 2nd period - Shot Misses the Net.
5:18 of 2nd period - Icing by Ryan Lindgren.
5:19 of 2nd period - Alex Newhook wins face-off versus Noel Acciari in Boston Bruins zone.
5:24 of 2nd period - Wrist shot by Alex Newhook.
5:24 of 2nd period - Stopped by Logan Thompson without a rebound.
5:25 of 2nd period - Noel Acciari wins face-off versus Vincent Trocheck in San Jose Sharks zone.
5:30 of 2nd period - Vincent Trocheck is hit by T.J. Oshie and loses puck.
5:51 of 2nd period - Slapshot by Sean Durzi.
5:51 of 2nd period - Shot Blocked by Cam York.
5:53 of 2nd period - Slapshot by Sean Durzi.
5:53 of 2nd period - Deflect By Cam York.
5:53 of 2nd period - Stopped by Pyotr Kochetkov with a rebound.
6:11 of 2nd period - Connor Murphy is hit by Morgan Geekie and loses puck.
6:30 of 2nd period - Wrist shot by Eeli Tolvanen.
6:30 of 2nd period - Shot Blocked by Torey Krug.
6:32 of 2nd period - Snap shot by Sean Durzi.
6:32 of 2nd period - Stopped by Pyotr Kochetkov with a rebound.
6:34 of 2nd period - Wrist shot by T.J. Oshie.
6:34 of 2nd period - Deflect By Noel Acciari.
6:34 of 2nd period - Shot Hit the Post.
6:34 of 2nd period - Puck is out of play.
6:35 of 2nd period - Alex Newhook wins face-off versus Noel Acciari in Boston Bruins zone.
6:44 of 2nd period - Wrist shot by Anthony Mantha.
6:44 of 2nd period - Shot Misses the Net.
6:46 of 2nd period - Slapshot by Dmitry Orlov.
6:46 of 2nd period - Deflect By Cam York.
6:46 of 2nd period - Stopped by Pyotr Kochetkov with a rebound.
6:48 of 2nd period - Snap shot by T.J. Oshie.
6:48 of 2nd period - Shot Misses the Net.
7:05 of 2nd period - Cam York is hit by Matthew Knies and loses puck.
7:22 of 2nd period - Alex Vlasic is hit by Marcus Pettersson and loses puck.
8:04 of 2nd period - Wrist shot by Ryan Strome.
8:04 of 2nd period - Stopped by Logan Thompson with a rebound.
8:06 of 2nd period - Slapshot by Yegor Zamula.
8:06 of 2nd period - Deflect By Adam Henrique.
8:06 of 2nd period - Stopped by Logan Thompson with a rebound.
8:07 of 2nd period - Connor Clifton beats up Sean Durzi.
8:07 of 2nd period - Penalty to Connor Clifton for Fighting.
8:07 of 2nd period - Penalty to Sean Durzi for Fighting.
8:08 of 2nd period - Matthew Knies wins face-off versus Vincent Trocheck in San Jose Sharks zone.
8:22 of 2nd period - Backhand shot by Jonathan Marchessault.
8:22 of 2nd period - Shot Blocked by Marcus Pettersson.
8:24 of 2nd period - Snap shot by Vincent Trocheck.
8:24 of 2nd period - Deflect By Jonathan Marchessault.
8:24 of 2nd period - Stopped by Logan Thompson without a rebound.
8:25 of 2nd period - Noel Acciari wins face-off versus Alex Newhook in San Jose Sharks zone.
8:28 of 2nd period - Wrist shot by Evander Kane.
8:28 of 2nd period - Shot Blocked by Noel Acciari.
8:50 of 2nd period - Marcus Pettersson is hit by Jonathan Marchessault and loses puck.
9:11 of 2nd period - Snap shot by Jonathan Drouin.
9:11 of 2nd period - Stopped by Pyotr Kochetkov without a rebound.
9:12 of 2nd period - Adam Henrique wins face-off versus Ryan Strome in Boston Bruins zone.
9:15 of 2nd period - Snap shot by Kevin Fiala.
9:15 of 2nd period - Stopped by Pyotr Kochetkov without a rebound.
9:16 of 2nd period - Vincent Trocheck wins face-off versus Adam Henrique in Boston Bruins zone.
9:32 of 2nd period - Wrist shot by Kevin Fiala.
9:32 of 2nd period - Stopped by Pyotr Kochetkov with a rebound.
9:42 of 2nd period - Alex Newhook is hit by Yegor Sharangovich and loses puck.
10:01 of 2nd period - Icing by Christopher Tanev.
10:02 of 2nd period - Ryan Strome wins face-off versus Ryan Johansen in San Jose Sharks zone.
10:51 of 2nd period - Snap shot by Max Domi.
10:51 of 2nd period - Shot Blocked by Joel Farabee.
11:10 of 2nd period - Alex Vlasic is hit by Dmitry Orlov and loses puck.
11:21 of 2nd period - Wrist shot by Kevin Fiala.
11:21 of 2nd period - Stopped by Pyotr Kochetkov without a rebound.
11:22 of 2nd period - Ryan Johansen wins face-off versus Vincent Trocheck in Boston Bruins zone.
11:33 of 2nd period - Slapshot by Jonathan Marchessault.
11:33 of 2nd period - Shot Misses the Net.
11:35 of 2nd period - Snap shot by Andrew Copp.
11:35 of 2nd period - Shot Misses the Net.
12:22 of 2nd period - Snap shot by Kevin Fiala.
12:22 of 2nd period - Shot Misses the Net.
12:24 of 2nd period - Snap shot by Yegor Sharangovich.
12:24 of 2nd period - Stopped by Pyotr Kochetkov without a rebound.
12:25 of 2nd period - Vincent Trocheck wins face-off versus Ryan Johansen in Boston Bruins zone.
12:35 of 2nd period - Off-side.
12:36 of 2nd period - Alex Newhook wins face-off versus Ryan Johansen in neutral zone.
12:41 of 2nd period - Snap shot by Joel Farabee.
12:41 of 2nd period - Shot Misses the Net.
12:49 of 2nd period - Wrist shot by Ryan Johansen.
12:49 of 2nd period - Shot Misses the Net.
12:51 of 2nd period - Slapshot by Christopher Tanev.
12:51 of 2nd period - Shot Blocked by Cam York.
13:01 of 2nd period - Christopher Tanev is hit by Andrew Copp and loses puck.
13:22 of 2nd period - Snap shot by Ryan Strome.
13:22 of 2nd period - Shot Misses the Net.
13:24 of 2nd period - Slapshot by John-Jason Peterka.
13:24 of 2nd period - Shot Blocked by Kevin Fiala.
13:26 of 2nd period - Snap shot by John-Jason Peterka.
13:26 of 2nd period - Shot Blocked by Yegor Sharangovich.
13:28 of 2nd period - Wrist shot by John-Jason Peterka.
13:28 of 2nd period - Deflect By Anders Lee.
13:28 of 2nd period - Stopped by Logan Thompson with a rebound.
13:30 of 2nd period - Snap shot by Ryan Strome.
13:30 of 2nd period - Stopped by Logan Thompson without a rebound.
13:31 of 2nd period - Vincent Trocheck wins face-off versus Ryan Johansen in San Jose Sharks zone.
13:44 of 2nd period - Snap shot by Matthew Knies.
13:44 of 2nd period - Deflect By Vincent Trocheck.
13:44 of 2nd period - Shot Misses the Net.
13:44 of 2nd period - Puck is out of play.
13:45 of 2nd period - Alex Newhook wins face-off versus Noel Acciari in Boston Bruins zone.
14:10 of 2nd period - Matthew Knies is hit by Jonathan Marchessault and loses puck.
15:37 of 2nd period - Off-side.
15:38 of 2nd period - Anders Lee wins face-off versus Ryan Johansen in neutral zone.
15:46 of 2nd period - Snap shot by John-Jason Peterka.
15:46 of 2nd period - Shot Misses the Net.
15:48 of 2nd period - Slapshot by Alex Vlasic.
15:48 of 2nd period - Stopped by Logan Thompson with a rebound.
15:50 of 2nd period - Backhand shot by Anders Lee.
15:50 of 2nd period - Shot Misses the Net.
15:51 of 2nd period - Alex Vlasic beats up Ryan Johansen.
15:51 of 2nd period - Penalty to Alex Vlasic for Fighting.
15:51 of 2nd period - Penalty to Ryan Johansen for Fighting.
15:51 of 2nd period - Penalty to Alex Vlasic for instigated a fight.
15:51 of 2nd period - Penalty to Alex Vlasic for instigated a fight.
15:52 of 2nd period - Vincent Trocheck wins face-off versus Eeli Tolvanen in San Jose Sharks zone.
16:21 of 2nd period - Slapshot by Yegor Sharangovich.
16:21 of 2nd period - Shot Hit the Post.
16:23 of 2nd period - Slapshot by Sean Durzi.
16:23 of 2nd period - Stopped by Pyotr Kochetkov without a rebound.
16:24 of 2nd period - Adam Henrique wins face-off versus Vincent Trocheck in Boston Bruins zone.
16:37 of 2nd period - Snap shot by Yegor Sharangovich.
16:37 of 2nd period - Shot Misses the Net.
16:39 of 2nd period - Slapshot by Connor Murphy.
16:39 of 2nd period - Deflect By Adam Henrique.
16:39 of 2nd period - Goal by Adam Henrique - San Jose Sharks : 1 - Boston Bruins : 1.
16:40 of 2nd period - Alex Newhook wins face-off versus Eeli Tolvanen in neutral zone.
16:43 of 2nd period - Evander Kane is hit by Christopher Tanev and loses puck.
16:48 of 2nd period - Snap shot by Matthew Knies.
16:48 of 2nd period - Stopped by Pyotr Kochetkov without a rebound.
16:49 of 2nd period - Alex Newhook wins face-off versus Matthew Knies in Boston Bruins zone.
16:49 of 2nd period - Alex Newhook is hit by Marcus Pettersson.
16:55 of 2nd period - Slapshot by Cam York.
16:55 of 2nd period - Stopped by Logan Thompson without a rebound.
16:56 of 2nd period - Vincent Trocheck wins face-off versus Adam Henrique in San Jose Sharks zone.
17:51 of 2nd period - Connor Murphy is hit by Connor Clifton and loses puck.
18:13 of 2nd period - Off-side.
18:14 of 2nd period - Eetu Luostarinen wins face-off versus Adam Henrique in neutral zone.
18:35 of 2nd period - Minor Penalty to Morgan Geekie for Slashing.
18:36 of 2nd period - Eeli Tolvanen wins face-off versus Vincent Trocheck in Boston Bruins zone.
18:41 of 2nd period - Wrist shot by Jonathan Drouin.
18:41 of 2nd period - Goal by Jonathan Drouin - San Jose Sharks : 2 - Boston Bruins : 1.
18:42 of 2nd period - Vincent Trocheck wins face-off versus Eeli Tolvanen in neutral zone.
18:54 of 2nd period - Wrist shot by Vincent Trocheck.
18:54 of 2nd period - Shot Blocked by Marcus Pettersson.
19:52 of 2nd period - Alex Newhook is hit by Jonathan Drouin and loses puck.
Goals for this period are 2 for San Jose Sharks vs 0 for Boston Bruins.
Shots for this period are 14 for San Jose Sharks vs 11 for Boston Bruins.
3rd period
0:01 of 3rd period - Eeli Tolvanen wins face-off versus Vincent Trocheck in neutral zone.
0:22 of 3rd period - Minor Penalty to Nick Perbix for Interference.
0:23 of 3rd period - Adam Henrique wins face-off versus Alex Newhook in San Jose Sharks zone.
0:38 of 3rd period - Snap shot by Joel Farabee.
0:38 of 3rd period - Shot Misses the Net.
0:51 of 3rd period - Penalty to Ryan Johansen is over, Ryan Johansen is back on ice.
1:30 of 3rd period - Jonathan Drouin is hit by Ryan Lindgren and loses puck.
1:50 of 3rd period - Icing by Jonathan Marchessault.
1:51 of 3rd period - Adam Henrique wins face-off versus Jonathan Marchessault in Boston Bruins zone.
2:02 of 3rd period - Jonathan Drouin is hit by Evander Kane and loses puck.
2:22 of 3rd period - Penalty to Nick Perbix is over, Nick Perbix is back on ice.
2:31 of 3rd period - Snap shot by Michael Rasmussen.
2:31 of 3rd period - Shot Blocked by Nick Perbix.
2:33 of 3rd period - Snap shot by Michael Rasmussen.
2:33 of 3rd period - Goal by Michael Rasmussen - San Jose Sharks : 2 - Boston Bruins : 2.
2:34 of 3rd period - Vincent Trocheck wins face-off versus Noel Acciari in neutral zone.
2:51 of 3rd period - Wrist shot by Vincent Trocheck.
2:51 of 3rd period - Stopped by Logan Thompson without a rebound.
2:52 of 3rd period - Adam Henrique wins face-off versus Ryan Strome in San Jose Sharks zone.
2:54 of 3rd period - Minor Penalty to Kevin Fiala for Roughing.
2:55 of 3rd period - Adam Henrique wins face-off versus Jonathan Marchessault in San Jose Sharks zone.
3:15 of 3rd period - Slapshot by Jonathan Drouin.
3:15 of 3rd period - Stopped by Pyotr Kochetkov without a rebound.
3:16 of 3rd period - Alex Newhook wins face-off versus Adam Henrique in Boston Bruins zone.
3:23 of 3rd period - Ryan Johansen is hit by Connor Clifton and loses puck.
3:28 of 3rd period - Wrist shot by Evander Kane.
3:28 of 3rd period - Goal by Evander Kane - San Jose Sharks : 2 - Boston Bruins : 3.
3:29 of 3rd period - Adam Henrique wins face-off versus Vincent Trocheck in neutral zone.
3:32 of 3rd period - Wrist shot by Marcus Pettersson.
3:32 of 3rd period - Shot Misses the Net.
4:06 of 3rd period - Wrist shot by Vincent Trocheck.
4:06 of 3rd period - Shot Misses the Net.
4:20 of 3rd period - Icing by Jonathan Marchessault.
4:21 of 3rd period - Vincent Trocheck wins face-off versus Ryan Johansen in Boston Bruins zone.
4:40 of 3rd period - Slapshot by Jonathan Marchessault.
4:40 of 3rd period - Shot Misses the Net.
4:46 of 3rd period - Ryan Lindgren is hit by Ryan Johansen and loses puck.
5:40 of 3rd period - Minor Penalty to Marcus Pettersson for Roughing.
5:41 of 3rd period - Adam Henrique wins face-off versus Alex Newhook in San Jose Sharks zone.
5:41 of 3rd period - Adam Henrique is hit by Connor Clifton.
5:58 of 3rd period - Off-side.
5:59 of 3rd period - Alex Newhook wins face-off versus Adam Henrique in neutral zone.
6:55 of 3rd period - Yegor Sharangovich is hit by John-Jason Peterka and loses puck.
7:06 of 3rd period - Connor Clifton is hit by Kevin Fiala and loses puck.
7:40 of 3rd period - Penalty to Marcus Pettersson is over, Marcus Pettersson is back on ice.
7:46 of 3rd period - Dmitry Orlov is hit by Andrew Copp.
7:50 of 3rd period - Snap shot by Yegor Sharangovich.
7:50 of 3rd period - Stopped by Pyotr Kochetkov with a rebound.
7:52 of 3rd period - Slapshot by Dmitry Orlov.
7:52 of 3rd period - Stopped by Pyotr Kochetkov without a rebound.
7:53 of 3rd period - Noel Acciari wins face-off versus Eetu Luostarinen in Boston Bruins zone.
7:54 of 3rd period - Wrist shot by Anthony Mantha.
7:54 of 3rd period - Shot Blocked by Connor Clifton.
8:01 of 3rd period - Off-side.
8:02 of 3rd period - Alex Newhook wins face-off versus Noel Acciari in neutral zone.
8:09 of 3rd period - Evander Kane is hit by T.J. Oshie and loses puck.
8:26 of 3rd period - Wrist shot by Anthony Mantha.
8:26 of 3rd period - Shot Blocked by Joel Farabee.
8:28 of 3rd period - Backhand shot by Connor Murphy.
8:28 of 3rd period - Stopped by Pyotr Kochetkov with a rebound.
8:30 of 3rd period - Slapshot by Anthony Mantha.
8:30 of 3rd period - Stopped by Pyotr Kochetkov without a rebound.
8:31 of 3rd period - Ryan Strome wins face-off versus Adam Henrique in Boston Bruins zone.
8:40 of 3rd period - Snap shot by Ryan Strome.
8:40 of 3rd period - Deflect By Christopher Tanev.
8:40 of 3rd period - Stopped by Logan Thompson without a rebound.
8:41 of 3rd period - Adam Henrique wins face-off versus Ryan Strome in San Jose Sharks zone.
8:50 of 3rd period - Snap shot by Kevin Fiala.
8:50 of 3rd period - Stopped by Pyotr Kochetkov with a rebound.
8:52 of 3rd period - Wrist shot by Marcus Pettersson.
8:52 of 3rd period - Stopped by Pyotr Kochetkov with a rebound.
8:54 of 3rd period - Slapshot by Christopher Tanev.
8:54 of 3rd period - Stopped by Pyotr Kochetkov with a rebound.
8:56 of 3rd period - Snap shot by Yegor Sharangovich.
8:56 of 3rd period - Shot Blocked by Torey Krug.
8:58 of 3rd period - Wrist shot by Yegor Sharangovich.
8:58 of 3rd period - Stopped by Pyotr Kochetkov without a rebound.
8:59 of 3rd period - Noel Acciari wins face-off versus Alex Newhook in Boston Bruins zone.
9:10 of 3rd period - Snap shot by Anthony Mantha.
9:10 of 3rd period - Shot Blocked by Yegor Zamula.
9:12 of 3rd period - Snap shot by Dmitry Orlov.
9:12 of 3rd period - Deflect By T.J. Oshie.
9:12 of 3rd period - Stopped by Pyotr Kochetkov with a rebound.
9:45 of 3rd period - Slapshot by Yegor Zamula.
9:45 of 3rd period - Stopped by Logan Thompson without a rebound.
9:46 of 3rd period - Ryan Johansen wins face-off versus Vincent Trocheck in San Jose Sharks zone.
9:50 of 3rd period - Icing by Matthew Knies.
9:51 of 3rd period - Ryan Johansen wins face-off versus Vincent Trocheck in San Jose Sharks zone.
9:51 of 3rd period - Ryan Johansen is hit by Torey Krug.
10:03 of 3rd period - Slapshot by Andrew Copp.
10:03 of 3rd period - Deflect By Vincent Trocheck.
10:03 of 3rd period - Stopped by Logan Thompson with a rebound.
10:07 of 3rd period - Snap shot by Vincent Trocheck.
10:07 of 3rd period - Stopped by Logan Thompson with a rebound.
10:09 of 3rd period - Snap shot by Jonathan Marchessault.
10:09 of 3rd period - Shot Misses the Net.
10:27 of 3rd period - Off-side.
10:28 of 3rd period - Evander Kane wins face-off versus Adam Henrique in neutral zone.
10:31 of 3rd period - Snap shot by Yegor Zamula.
10:31 of 3rd period - Stopped by Logan Thompson without a rebound.
10:32 of 3rd period - Adam Henrique wins face-off versus Alex Newhook in San Jose Sharks zone.
10:51 of 3rd period - 10 Minutes Misconduct Penalty to Alex Vlasic is over.
11:27 of 3rd period - Michael Rasmussen is hit by Dmitry Orlov and loses puck.
12:14 of 3rd period - Slapshot by Cam York.
12:14 of 3rd period - Stopped by Logan Thompson without a rebound.
12:15 of 3rd period - Yegor Sharangovich wins face-off versus Joel Farabee in San Jose Sharks zone.
12:15 of 3rd period - Yegor Sharangovich is hit by Alex Newhook.
12:23 of 3rd period - Slapshot by Evander Kane.
12:23 of 3rd period - Shot Misses the Net.
12:25 of 3rd period - Snap shot by Evander Kane.
12:25 of 3rd period - Shot Misses the Net.
12:27 of 3rd period - Slapshot by Ryan Lindgren.
12:27 of 3rd period - Shot Blocked by Connor Murphy.
12:54 of 3rd period - Slapshot by Morgan Geekie.
12:54 of 3rd period - Stopped by Logan Thompson without a rebound.
12:55 of 3rd period - Noel Acciari wins face-off versus Evander Kane in San Jose Sharks zone.
12:55 of 3rd period - Noel Acciari is hit by Alex Newhook.
13:00 of 3rd period - Icing by Anthony Mantha.
13:01 of 3rd period - Noel Acciari wins face-off versus Alex Newhook in San Jose Sharks zone.
13:14 of 3rd period - Snap shot by Anthony Mantha.
13:14 of 3rd period - Stopped by Pyotr Kochetkov with a rebound.
13:30 of 3rd period - Snap shot by Matthew Knies.
13:30 of 3rd period - Shot Hit the Post.
13:48 of 3rd period - Jonathan Marchessault is hit by Adam Henrique and loses puck.
14:15 of 3rd period - Slapshot by Morgan Geekie.
14:15 of 3rd period - Stopped by Logan Thompson without a rebound.
14:16 of 3rd period - Adam Henrique wins face-off versus Alex Newhook in San Jose Sharks zone.
14:27 of 3rd period - Slapshot by Joel Farabee.
14:27 of 3rd period - Shot Misses the Net.
14:29 of 3rd period - Slapshot by Connor Clifton.
14:29 of 3rd period - Shot Blocked by Yegor Sharangovich.
14:31 of 3rd period - Backhand shot by Yegor Zamula.
14:31 of 3rd period - Stopped by Logan Thompson with a rebound.
14:40 of 3rd period - Minor Penalty to Connor Clifton for Interference.
14:41 of 3rd period - Ryan Johansen wins face-off versus Vincent Trocheck in Boston Bruins zone.
15:07 of 3rd period - Andrew Copp is hit by Yegor Sharangovich and loses puck.
15:14 of 3rd period - Wrist shot by Kevin Fiala.
15:14 of 3rd period - Shot Hit the Post.
15:16 of 3rd period - Snap shot by Kevin Fiala.
15:16 of 3rd period - Stopped by Pyotr Kochetkov with a rebound.
15:18 of 3rd period - Slapshot by Adam Henrique.
15:18 of 3rd period - Shot Blocked by Ryan Lindgren.
15:20 of 3rd period - Slapshot by Connor Murphy.
15:20 of 3rd period - Stopped by Pyotr Kochetkov with a rebound.
16:40 of 3rd period - Penalty to Connor Clifton is over, Connor Clifton is back on ice.
16:41 of 3rd period - T.J. Oshie is hit by Ryan Lindgren.
16:47 of 3rd period - Wrist shot by Eeli Tolvanen.
16:47 of 3rd period - Stopped by Pyotr Kochetkov with a rebound.
16:49 of 3rd period - Wrist shot by T.J. Oshie.
16:49 of 3rd period - Stopped by Pyotr Kochetkov without a rebound.
16:50 of 3rd period - Noel Acciari wins face-off versus Ryan Strome in Boston Bruins zone.
16:55 of 3rd period - Snap shot by T.J. Oshie.
16:55 of 3rd period - Shot Blocked by Connor Clifton.
17:01 of 3rd period - Slapshot by Ryan Strome.
17:01 of 3rd period - Stopped by Logan Thompson without a rebound.
17:02 of 3rd period - Ryan Strome wins face-off versus Noel Acciari in San Jose Sharks zone.
17:09 of 3rd period - Snap shot by Ryan Strome.
17:09 of 3rd period - Shot Misses the Net.
17:17 of 3rd period - Snap shot by Ryan Strome.
17:17 of 3rd period - Stopped by Logan Thompson with a rebound.
17:38 of 3rd period - Icing by Andrew Copp.
17:39 of 3rd period - Andrew Copp wins face-off versus Ryan Poehling in Boston Bruins zone.
18:14 of 3rd period - Snap shot by Adam Henrique.
18:14 of 3rd period - Stopped by Pyotr Kochetkov with a rebound.
19:20 of 3rd period - San Jose Sharks, Logan Thompson is pulled from the net.
19:20 of 3rd period - Wrist shot by Anthony Mantha.
19:20 of 3rd period - Stopped by Pyotr Kochetkov with a rebound.
19:22 of 3rd period - Snap shot by Noel Acciari.
19:22 of 3rd period - Stopped by Pyotr Kochetkov with a rebound.
19:24 of 3rd period - Slapshot by Christopher Tanev.
19:24 of 3rd period - Shot Blocked by Torey Krug.
19:26 of 3rd period - Slapshot by Noel Acciari.
19:26 of 3rd period - Shot Hit the Post.
19:28 of 3rd period - Snap shot by Noel Acciari.
19:28 of 3rd period - Shot Misses the Net.
19:47 of 3rd period - Minor Penalty to Jonathan Marchessault for Holding.
19:48 of 3rd period - Ryan Johansen wins face-off versus Alex Newhook in Boston Bruins zone.
Goals for this period are 0 for San Jose Sharks vs 2 for Boston Bruins.
Shots for this period are 18 for San Jose Sharks vs 14 for Boston Bruins.
Back to the Top